[Event "*** Titled Tuesday Blitz"]
[Site "Chess.com"]
[Date "2021.03.16"]
[Round "5"]
[White "Rodalquilar"]
[Black "Zhigalko_Sergei"]
[Result "0-1"]
[WhiteElo "2669"]
[BlackElo "2943"]
[TimeControl "180+1"]
[EndTime "10:55:45 PDT"]
[Termination "Zhigalko_Sergei won on time"]

1. d4 Nf6 2. Bf4 e6 3. e3 d5 4. Nf3 Bd6 5. Bg3 O-O 6. c4 b6 7. cxd5 Nxd5 8. e4 Nf6 9. Nc3 Bb4 10. Qc2 Bb7 11. Bd3 Nh5 12. a3 Be7 13. Ne2 c5 14. dxc5 bxc5 15. e5 h6 16. Bh7+ Kh8 17. Be4 Nc6 18.
Rd1 Qb6 19. Rd7 Rfe8 20. O-O Rad8 21. Rfd1 Nxg3 22. hxg3 Bc8 23. Rxd8 Rxd8 24. Rxd8+ Nxd8 25. Nf4 Nc6 26. g4 Ba6 27. Qd1 Nd4 28. Nxd4 cxd4 29. Qa4 Bb5 30. Qb3 g5 31. Nd3 Qa5 32. Nb4 Qc7 33. Bd3 Bd7 34. Qc4 Qxe5 35. Qa6 Bd6 36. g3 Kg7 37. Qxa7 Bb5 38. Qb6 Bxd3 39. Nxd3 Qd5 40.
Nb4 Bxb4 41. Qxb4 d3 42. Qd2 e5 43. Kf1 e4 44. a4 Qe6 45. a5 Qxg4 46. Qc3+ Kg6 47.
Qc6+ Kg7 48. Qc3+ Kh7 49. Qf6 Kg8 50. Qd8+ Kg7 51. a6 Qd1+ 52. Kg2 Qf3+ 53. Kg1 e3 54. Qd4+ Kh7 55. fxe3 Qd1+ 56. Kg2 Qe2+ 57. Kg1 d2 58. Qe4+ Kg7 59. Qd4+ Kg8 60. Qd8+ Kh7 0-1

[Event "*** Titled Tuesday Blitz"]
[Site "Chess.com"]
[Date "2021.03.16"]
[Round "5"]
[White "RobertoJBM"]
[Black "Jospem"]
[Result "0-1"]
[WhiteElo "2766"]
[BlackElo "2935"]
[TimeControl "180+1"]
[EndTime "10:55:46 PDT"]
[Termination "Jospem won by resignation"]

1. d4 Nf6 2. Nf3 e6 3. e3 c5 4.
Bd3 b6 5. O-O Bb7 6. c3 Be7 7.
Qe2 cxd4 8. exd4 O-O 9. Bf4 d6 10. Nbd2 Nbd7 11. a4 a6 12. Rfe1 Re8 13. h3 Bf8 14.
Bh2 Qc7 15. Nc4 h6 16. Ne3 Qc6 17. Nd2 e5 18. Nb3 e4 19. Bc2 d5 20. Nd2 a5 21.
Qd1 Ba6 22. Qb1 b5 23. axb5 Bxb5 24. Bd1 a4 25. Be2 Nb6 26. Bxb5 Qxb5 27. Qc2 Rec8 28.
Reb1 Qc6 29. Rc1 a3 30. b3 Nbd7 31. c4 Bb4 32. Ndf1 Qb6 33. Qd1 Qa5 34. Ra2 g6 35. Ng3 Kh7 36. Ne2 Nb6 37. Rca1 dxc4 38. bxc4 Nxc4 39. Qb3 Qa4 40. Rb1 Bf8 41. Qxa4 Rxa4 42.
Rc1 Nb6 43. Bc7 Nbd5 44. Be5 Rxc1+ 45. Nxc1 Nxe3 46. fxe3 Nd5 47. Kf2 Nb4 48. Ra1 Nd5 49. Ke2 f6 50. Bg3 h5 51. Be1 g5 52. Bd2 f5 53.
Nb3 Kg6 54. g3 Bd6 55. g4 fxg4 56. hxg4 h4 57. Be1 Nf6 58. Nd2 a2 59. Nb3 Nxg4 60.
Nc1 h3 61. Kf1 Nxe3+ 62. Kg1 Nc2 63. Rxa2 Rxa2 64. Nxa2 Nxe1 0-1

[Event "*** Titled Tuesday Blitz"]
[Site "Chess.com"]
[Date "2021.03.16"]
[Round "5"]
[White "anon102030"]
[Black "827883"]
[Result "1-0"]
[WhiteElo "2708"]
[BlackElo "2298"]
[TimeControl "180+1"]
[EndTime "10:55:46 PDT"]
[Termination "anon102030 won by resignation"]

1. e4 e5 2. Nc3 Nf6 3. g3 Bc5 4. Bg2 O-O 5. d3 d6 6. Nf3 h6 7. O-O c6 8. h3 Re8 9. d4 exd4 10. Nxd4 Nbd7 11. Re1 Nf8 12. Nb3 Bb6 13. Bf4 Bc7 14. Qd2 Ng6 15. Be3 a5 16. a4 Be6 17.
Nd4 Bd7 18. f4 Qe7 19. Rad1 Rad8 20. Kh2 Nf8 21. Bf2 N6h7 22. Nf5 Bxf5 23. exf5 Qd7 24. Qd3 d5 25. Ne2 Qc8 26. g4 Ng5 27. Kg1 Ne4 28. Be3 Nh7 29. Nc3 Nxc3 30. Qxc3 Nf6 31. Bd4 Ne4 32.
Bxe4 Rxe4 33. Rxe4 dxe4 34. Re1 Bxf4 35. Rxe4 Bd6 36.
Bxg7 Bf8 37. Bxf8 Rxf8 38. Qxa5 Qd7 39. Qe1 Qd5 40. b3 b5 41. axb5 cxb5 42. Qe3 Qd1+ 43. Kf2 Qxc2+ 44. Kg3 Rc8 45. Qxh6 Rc3+ 46. Re3 Qxb3 47.
Kf2 Rxe3 48. Qxe3 Qc2+ 49. Qe2 Qc5+ 50. Qe3 Qc2+ 51. Kf3 Qc6+ 52. Qe4 Qc3+ 53. Kf4 Qc7+ 54. Qe5 Qc1+ 55. Qe3 Qc7+ 56. Kg5 Qd8+ 57. f6 Qd5+ 58. Kh6 Qe6 59. Qxe6 fxe6 60. g5 b4 61. g6 b3 62. f7+ Kf8 63. g7+ Kxf7 64. Kh7 b2 65. g8=Q+ Kf6 66. Qg6+ Ke7 67. Qc2 1-0

[Event "*** Titled Tuesday Blitz"]
[Site "Chess.com"]
[Date "2021.03.16"]
[Round "5"]
[White "blitzking1729"]
[Black "zverr1"]
[Result "0-1"]
[WhiteElo "2615"]
[BlackElo "2477"]
[TimeControl "180+1"]
[EndTime "10:55:46 PDT"]
[Termination "zverr1 won on time"]

1. c4 e5 2. Nc3 Nc6 3. Nf3 f5 4. d4 e4 5. Ng1 g6 6. h4 Bg7 7.
e3 Nf6 8. h5 O-O 9. hxg6 hxg6 10.
Nh3 d6 11. Qb3 Na5 12. Qa4 c5 13. b4 Nc6 14. bxc5 dxc5 15. d5 Nxd5 16. Nxd5 Bxa1 17. Ba3 Qd6 18. Qb5 Qe5 19. Bxc5 Rd8 20. Be2 Rxd5 21. cxd5 Bc3+ 22. Kf1 a6 23. Qb3 Na5 24. Qd1 Bd7 25.
Nf4 Kg7 26. g4 Bb5 27. gxf5 Bxe2+ 28. Qxe2 Qxf5 29. Rg1 Rh8 30. Rxg6+ Kf7 31. Rg1 b5 32. Qg4 Qxg4 33. Rxg4 Nc4 34. d6 Ne5 35. Rg1 Nf3 36.
Nd5 Nxg1 37. Kxg1 Be5 38. Nb6 Rd8 39. d7 Ke6 40. f4 exf3 41. Kf2 Bc7 42. Kxf3 Bxb6 43.
Bxb6 Rxd7 44. Bd4 Rc7 45. Ke4 Rc2 46. a3 Ra2 47. Bc5 Rc2 48. Bd4 Rc4 49. Kd3 Ra4 50.
Bc5 Kd5 51. Bb4 a5 52. e4+ Ke6 53. Bf8 Kf7 54. Bc5 Ke6 55. Bf8 Rc4 56. Ke3 Rc8 0-1

[Event "*** Titled Tuesday Blitz"]
[Site "Chess.com"]
[Date "2021.03.16"]
[Round "5"]
[White "ChessWarrior7197"]
[Black "Meri-Arabidze"]
[Result "0-1"]
[WhiteElo "2893"]
[BlackElo "2662"]
[TimeControl "180+1"]
[EndTime "10:55:53 PDT"]
[Termination "Meri-Arabidze won by checkmate"]

1. e4 c5 2. Nc3 e6 3. g3 Nc6 4. Bg2 a6 5. Nge2 Nf6 6. O-O Qc7 7. d3 Be7 8. h3 O-O 9. Be3 d6 10. f4 b5 11. Kh2 Bb7 12. g4 b4 13. Nb1 a5 14.
Nd2 a4 15. Nf3 d5 16. e5 Nd7 17. Ng3 Ba6 18. g5 c4 19. Rf2 cxd3 20. cxd3 Rfc8 21.
d4 g6 22. Rc1 Qb7 23. Kg1 b3 24. a3 Na5 25. Nh2 Rxc1 26. Bxc1 Rc8 27. Ng4 Qc6 28.
Be3 Nc4 29. Bf1 Nxe3 30. Nxe3 Bxf1 31. Ngxf1 Qc1 32. Qd3 Bxa3 33. bxa3 b2 34. Rxb2 Qxb2 35. h4 Qb3 36. Qa6 Rc1 37. Qa8+ Nf8 38. Kf2 Qxa3 39.
h5 gxh5 40. f5 Qb2+ 41. Kf3 Qxd4 42. fxe6 fxe6 43. Qe8 Qe4+ 44. Kf2 Qf4+ 45. Kg2 Qxg5+ 46. Kh3 Rc3 47. Kh2 Rxe3 48. Nxe3 Qxe5+ 49. Kg2 Qxe3 50. Kh2 Qf4+ 51. Kg2 Qg4+ 52. Kh2 Qg6 53. Qd8 a3 54.
Qa8 Qc2+ 55. Kg3 a2 56. Kh4 Qe4+ 57. Kxh5 Qe5+ 58. Kh4 a1=Q 59. Qa3 Qf6+ 60. Kg4 Qg1+ 61. Kh5 Qgg5# 0-1

[Event "*** Titled Tuesday Blitz"]
[Site "Chess.com"]
[Date "2021.03.16"]
[Round "5"]
[White "Oleksandr_Bortnyk"]
[Black "Volodar_Murzin"]
[Result "0-1"]
[WhiteElo "2914"]
[BlackElo "2682"]
[TimeControl "180+1"]
[EndTime "10:55:56 PDT"]
[Termination "Volodar_Murzin won on time"]

1. e4 c5 2. d4 cxd4 3. Nf3 d6 4. Nxd4 Nf6 5. Nc3 a6 6. a4 e5 7. Nb3 Be7 8. Be2 Be6 9. O-O Nc6 10. f4 O-O 11.
Kh1 Rc8 12. Be3 Nd7 13. Nd5 exf4 14. Bxf4 Nde5 15. c3 Bg5 16. Bg3 Bh4 17. Qe1 Bxg3 18. Qxg3 Bxd5 19. exd5 Ne7 20. Nd4 Qb6 21. Rab1 Qa5 22.
Rbd1 Qxa4 23. h4 Qd7 24. h5 f5 25. Ne6 Rf7 26. h6 g6 27. Nf4 Kh8 28. Rfe1 g5 29.
Qxg5 Rg8 30. Qh5 Rf6 31. Qh4 Rf7 32. Bh5 N7g6 33. Bxg6 hxg6 34. Ne6 g5 35. Nxg5 Rf6 36. Ne4 Rfg6 37. Nc5 Qh7 38. Qf4 Rxh6+ 39. Kg1 Rh1+ 40. Kf2 Ng4+ 41. Qxg4 Rxg4 42. Rxh1 Rh4 43. Rhe1 Rf4+ 44.
Ke3 Qh6 45. Ne6 Re4+ 46. Kd3 Qg6 47. Re2 Kg8 48. Rdd2 Qg3+ 49. Kc2 Qe5 50. Nd4 Rxe2 51. Rxe2 Qxd5 52. Nf3 f4 53. Rd2 Qf5+ 54. Kc1 d5 55.
Nd4 Qg4 56. Nf3 b5 57. Ne5 Qg3 58. Nc6 a5 59. Nxa5 Kf7 60. Nb3 Ke6 61. Nd4+ Kd6 62. Nxb5+ Kc5 63. Nd4 Qe1+ 64. Kc2 Qe4+ 65. Kc1 Kc4 66.
Nf3 Kb3 67. Nd4+ Ka2 68. b4+ Ka3 0-1

[Event "*** Titled Tuesday Blitz"]
[Site "Chess.com"]
[Date "2021.03.16"]
[Round "5"]
[White "MrChampion_Coach"]
[Black "ckgchess"]
[Result "0-1"]
[WhiteElo "2507"]
[BlackElo "2770"]
[TimeControl "180+1"]
[EndTime "10:55:56 PDT"]
[Termination "ckgchess won by checkmate"]

1. d4 Nf6 2. c4 g6 3. Nc3 Bg7 4. e4 O-O 5. h3 c5 6. Nf3 cxd4 7. Nxd4 e6 8. Be2 d5 9. exd5 exd5 10. O-O Nc6 11. Be3 Re8 12. cxd5 Nxd5 13. Nxd5 Nxd4 14. Bxd4 Qxd5 15. Bxg7 Qxd1 16. Rfxd1 Kxg7 17. Bf3 Be6 18. b3 Re7 19. Rac1 a5 20. Rd2 Ra6 21. Rc5 b6 22. Rc6 a4 23. b4 Bd7 24. Rcd6 Bb5 25.
Kh2 a3 26. Bd5 Ra4 27. Rd4 Ra6 28. Bb3 Re2 29. Rd2 Rxd2 30. Rxd2 Ba4 31. Bc4 b5 32. Bd5 Rd6 33. Kg3 f5 34. Kf4 Kf6 35. Ke3 g5 36. g3 Rd8 37. f4 h5 38. Kd4 h4 39.
fxg5+ Kxg5 40. gxh4+ Kxh4 41. Rf2 Kg5 42. h4+ Kf6 43.
Kc5 Ke5 44. Re2+ Kf4 45. Rf2+ Kg4 46. Rg2+ Kxh4 47. Bc6 f4 48. Rg7 Rc8 49. Kb6 Rxc6+ 50. Kxc6 f3 51. Rf7 Kg3 52. Kc5 f2 53. Kd4 Bb3 54. Ke3 Bxf7 55. Ke2 Kg2 56. Kd2 f1=Q 57. Kc3 Qc4+ 58. Kd2 Qxa2+ 59. Ke3 Qb3+ 60. Ke4 a2 61. Ke5 a1=Q+ 62. Kd6 Qd5+ 63. Kc7 Qae5+ 64. Kc8 Qc6+ 65. Kd8 Qee8# 0-1

[Event "*** Titled Tuesday Blitz"]
[Site "Chess.com"]
[Date "2021.03.16"]
[Round "5"]
[White "korbul"]
[Black "AwareIdea"]
[Result "1/2-1/2"]
[WhiteElo "2599"]
[BlackElo "2435"]
[TimeControl "180+1"]
[EndTime "10:56:02 PDT"]
[Termination "Game drawn by agreement"]

1. d4 d5 2. Nf3 Nf6 3. Bf4 c5 4. e3 Qb6 5. Nc3 a6 6. Rb1 Nc6 7. Be2 Bg4 8. dxc5 Qxc5 9. O-O e6 10. Ne5 Bxe2 11. Qxe2 Nxe5 12. Bxe5 Be7 13. Bd4 Qc7 14. f4 O-O 15. Rf3 Nd7 16. Rh3 Bf6 17. Qh5 h6 18. Rg3 Kh7 19. Rf1 Qc4 20. Bxf6 Nxf6 21. Qf3 Ne4 22. Nxe4 dxe4 23. Qg4 g6 24. Rh3 Qc5 25. Qh4 h5 26. g4 Kg7 27. gxh5 Qxh5 28. Qxh5 gxh5 29. Rxh5 Rac8 30. c3 Rfd8 31. Rf2 Rd1+ 32. Kg2 Rcd8 33. Re5 R8d2 34. Rxe4 Rxf2+ 35. Kxf2 Rd2+ 36. Kg3 Rxb2 37. Rb4 Rxa2 38. Rxb7 Rc2 39. Rc7 a5 40. h4 a4 41. Kf3 a3 42. c4 a2 43.
Ra7 Rh2 44. c5 Rc2 45. c6 Rxc6 46. Rxa2 Rc5 47. Rg2+ Kh7 48. Ke4 Ra5 49. Rg5 Ra3 50. Rg3 Ra5 51. Kd4 Rd5+ 52. Ke4 Ra5 53. Kf3 Ra1 54.
Rg5 Ra4 55. Rc5 Ra3 56. f5 exf5 57. Rxf5 Kg6 58. Kf4 Ra1 59. h5+ Kg7 60. Rg5+ Kh7 61. Rb5 Kh6 62. e4 Rf1+ 63. Kg4 Rg1+ 64. Kf3 Rg5 65. Rd5 Rxh5 66. Rd7 Kg7 67. Rd5 Rh6 68. Rf5 1/2-1/2

[Event "*** Titled Tuesday Blitz"]
[Site "Chess.com"]
[Date "2021.03.16"]
[Round "5"]
[White "Das_Virus_2020"]
[Black "BvsN"]
[Result "1-0"]
[WhiteElo "2476"]
[BlackElo "2415"]
[TimeControl "180+1"]
[EndTime "10:56:02 PDT"]
[Termination "Das_Virus_2020 won on time"]

1. e4 c5 2. c3 Nf6 3. e5 Nd5 4. d4 cxd4 5. cxd4 d6 6. Nf3 e6 7. a3 Bd7 8. Bd3 Bc6 9. O-O Nd7 10. Qe2 Be7 11. Re1 O-O 12. Qe4 g6 13. Qg4 dxe5 14.
dxe5 Rc8 15. Bh6 Re8 16. Nbd2 Bf8 17. Bxf8 Nxf8 18. Ne4 Rc7 19. Rad1 Qe7 20. h4 f5 21.
exf6 Nxf6 22. Nxf6+ Qxf6 23. Ne5 Bd5 24. h5 Rg7 25. h6 Rc7 26. Qg3 Rec8 27. f3 Nd7 28.
Ng4 Qxb2 29. Be4 Bxe4 30. Rxe4 Rc1 31. Rxc1 Qxc1+ 32. Kh2 Qc7 33. Rxe6 Qxg3+ 34. Kxg3 Kf7 35. Rd6 Ke7 36. Rd3 Rf8 37. Nf2 Nf6 38. Rb3 b6 39. Nd3 Kd6 40. Nf4 Re8 41. Rd3+ Kc5 42. Kh4 Re5 43. g4 g5+ 44. Kg3 gxf4+ 45. Kxf4 Rd5 46. Rc3+ Kd6 47. Rc8 Nd7 48. g5 Ke7 49. Kg4 Nf8 50.
f4 Rd8 51. Rc7+ Rd7 52. Rc8 Rd8 53. Rc3 Rd7 54. Re3+ Kf7 55. f5 Rd4+ 56. Kg3 Nd7 57. Rc3 Rd5 58. Rc7 Ke8 59. g6 Rxf5 60. gxh7 Rf8 61. Rxa7 Nf6 62. Ra8+ Ke7 63. Rxf8 Nxh7 64. Rg8 Nf6 65. Rg7+ Kf8 66. Rb7 Kg8 67. Rxb6 Nd5 68. Rb7 Kh8 69. a4 Nc3 70. a5 Ne4+ 71. Kf4 Nf6 72. a6 Nd5+ 73. Ke5 1-0

[Event "*** Titled Tuesday Blitz"]
[Site "Chess.com"]
[Date "2021.03.16"]
[Round "5"]
[White "Margency"]
[Black "vugarrasulov"]
[Result "0-1"]
[WhiteElo "2725"]
[BlackElo "2850"]
[TimeControl "180+1"]
[EndTime "10:56:06 PDT"]
[Termination "vugarrasulov won on time"]

1. e4 e5 2. Nf3 Nc6 3. Bc4 Bc5 4. d3 Nf6 5. O-O h6 6. c3 d6 7.
a4 a6 8. Na3 O-O 9. Nc2 d5 10.
exd5 Nxd5 11. Re1 Re8 12. d4 Ba7 13. dxe5 Be6 14. Qe2 Qe7 15. h3 Rad8 16. Bd2 Rd7 17. Ncd4 Nxd4 18. Nxd4 Bxd4 19. cxd4 Red8 20. Be3 c6 21. a5 Qb4 22. b3 Qe7 23. Qf3 Nc7 24. Qg3 Kh8 25. f4 Nb5 26. Bxb5 cxb5 27. Rf1 Bf5 28.
Rac1 Qe6 29. b4 Qb3 30. Rf3 Be4 31. Rf2 Rxd4 32. f5 Rd1+ 33. Rxd1 Rxd1+ 34. Kh2 Rd3 35. f6 g5 36. Re2 Qe6 37. h4 Bg6 38. hxg5 h5 39.
Rd2 Rb3 40. Rd6 Qg4 41. Qxg4 hxg4 42. Bc5 Bf5 43. Rd8+ Kh7 44. Bf2 Rxb4 45. Rf8 Be6 46. Rb8 Rb2 47. Kg3 b4 48. Rxb7 b3 49. Bd4 Rd2 50.
Bc5 Kg6 51. Kf4 Rc2 52. Bd4 Rc4 53. Ke3 Ra4 54. g3 Rxa5 55. Kd3 Ra2 56. Kc3 Rc2+ 57. Kd3 Rg2 58. Ke4 Rd2 59. Rb8 Bf5+ 60. Kd5 Kxg5 61.
Kc4 Be6+ 62. Kc3 Rc2+ 63. Kd3 Kf5 64. Rb6 a5 65. Ra6 Ra2 66. Bc3 a4 67. Ra8 Rg2 68.
Rh8 Rxg3+ 69. Kd4 Rxc3 70. Kxc3 a3 0-1

[Event "*** Titled Tuesday Blitz"]
[Site "Chess.com"]
[Date "2021.03.16"]
[Round "5"]
[White "MasterKroket"]
[Black "tylityli"]
[Result "1/2-1/2"]
[WhiteElo "2498"]
[BlackElo "2292"]
[TimeControl "180+1"]
[EndTime "10:56:08 PDT"]
[Termination "Game drawn - insufficient material"]

1. d4 Nf6 2. c4 e6 3. Nf3 Bb4+ 4.
Bd2 Qe7 5. g3 O-O 6. Bg2 Nc6 7.
O-O Bxd2 8. Nbxd2 d6 9. Rb1 a5 10. Qc2 e5 11. d5 Nb4 12. Qb3 Na6 13. Qc2 e4 14. Nd4 Nc5 15. b3 e3 16. N2f3 Re8 17. h3 exf2+ 18. Kh2 Qe3 19. Qc1 Bd7 20.
Qxe3 Rxe3 21. Rxf2 Rae8 22. Nd2 Nfe4 23. Nxe4 Nxe4 24.
Bxe4 R8xe4 25. Rd1 g6 26. Kg2 f5 27. Rf3 Re7 28. Rxe3 Rxe3 29. Kf2 Re4 30. e3 Kf7 31. h4 h6 32. a3 g5 33. hxg5 hxg5 34. Kf3 Re8 35. Rh1 Kg7 36. b4 axb4 37. axb4 Rh8 38. Rxh8 Kxh8 39. c5 Kg7 40. c6 bxc6 41. dxc6 Be8 42. Nxf5+ Kf6 43. Nd4 Ke5 44. b5 Bh5+ 45.
Kf2 Kd5 46. Ke1 Bg4 47. Kd2 Kc5 48. Kd3 Bh3 49. Ke4 Bf1 50. Kf5 Bxb5 51. Nxb5 Kxb5 52. Kxg5 Kxc6 53. Kf6 Kd5 54. g4 c5 55. g5 c4 56. g6 c3 57. g7 c2 58. g8=Q+ Ke4 59. Qc8 Kd3 60. Qa6+ Kd2 61. Qxd6+ Kxe3 62. Qa3+ Kd2 63. Qb2 Kd1 64. Qb3 Kd2 65. Qb4+ Kd1 66. Qd4+ Kc1 67. Ke5 Kb1 68. Qb4+ Ka1 69. Qa3+ Kb1 70.
Qb3+ Ka1 71. Kd4 c1=Q 72. Kd3 Qb2 73. Qa4+ Qa2 74. Qb4 Qb1+ 75. Kc3 Qxb4+ 76. Kxb4 1/2-1/2

[Event "*** Titled Tuesday Blitz"]
[Site "Chess.com"]
[Date "2021.03.16"]
[Round "5"]
[White "LubovMarkelova"]
[Black "Tekushka"]
[Result "0-1"]
[WhiteElo "2231"]
[BlackElo "2409"]
[TimeControl "180+1"]
[EndTime "10:56:08 PDT"]
[Termination "Tekushka won on time"]

1. Nf3 d5 2. d4 Nf6 3. c4 c6 4. e3 Bg4 5. h3 Bxf3 6. Qxf3 e6 7. Bd3 Bb4+ 8. Bd2 Bxd2+ 9. Nxd2 Nbd7 10. O-O O-O 11.
e4 dxe4 12. Nxe4 Nxe4 13. Qxe4 Nf6 14. Qh4 Qd6 15. Rad1 Rfd8 16. Rfe1 h6 17. Bb1 Qb4 18. b3 Rd6 19. Re3 Rad8 20. Rg3 Kf8 21. Bc2 Qa5 22. a4 Qh5 23. Qf4 e5 24. Qd2 exd4 25. Qb4 b6 26. Rxd4 c5 27. Rxd6 Rxd6 28. Qe1 Re6 29. Re3 Rxe3 30.
Qxe3 Qg5 31. Qxg5 hxg5 32. Kf1 Ke7 33. Ke2 Kd6 34. Ke3 Ke5 35. g3 Ne8 36. f4+ gxf4+ 37.
gxf4+ Kd6 38. Be4 Nc7 39. h4 f6 40. h5 Ne6 41. Bd5 Nd4 42. b4 Nc2+ 43. Ke4 cxb4 44. Bg8 Ke7 45. Kd3 Ne1+ 46. Kd4 b3 47. Kc3 Ng2 48.
f5 Nf4 49. Kxb3 Nxh5 50. Kb4 Kd6 51. Kb5 Kc7 52. Ka6 Kb8 53. a5 bxa5 54. Kxa5 Ng3 55. Be6 Ne4 56. Kb5 Kc7 57. Ka6 Kd6 58. Kxa7 g5 59.
fxg6 Kxe6 60. Kb6 f5 61. c5 f4 62. c6 f3 63. c7 Nd6 64. Kc6 Nc8 65. g7 Kf7 66. Kd7 Na7 0-1

[Event "*** Titled Tuesday Blitz"]
[Site "Chess.com"]
[Date "2021.03.16"]
[Round "5"]
[White "CSB7"]
[Black "organdzievhren"]
[Result "1-0"]
[WhiteElo "2606"]
[BlackElo "2424"]
[TimeControl "180+1"]
[EndTime "10:56:20 PDT"]
[Termination "CSB7 won by resignation"]

1. e4 e6 2. d4 d5 3. Nd2 dxe4 4.
Nxe4 Bd7 5. Nf3 Bc6 6. Bd3 Nd7 7. c3 Be7 8. O-O Ngf6 9. Nxf6+ Nxf6 10. Ne5 O-O 11.
Nxc6 bxc6 12. Qe2 c5 13. dxc5 Bxc5 14. Rd1 Qe7 15. Bg5 Rad8 16. Bxf6 Qxf6 17. Bxh7+ Kxh7 18.
Qh5+ Kg8 19. Qxc5 Qf4 20. Qxa7 Rd2 21. Rxd2 Qxd2 22. Qb7 Rd8 23. g3 c6 24. a4 Qe2 25.
Qxc6 Qxb2 26. Rf1 Qa2 27. h4 g6 28. c4 Rd4 29. c5 Rxa4 30. Qd7 Rc4 31. Rd1 Qc2 32.
Qe8+ Kg7 33. Rd8 Kf6 34. Rd7 Qc1+ 35. Kg2 Ke5 36. Qxf7 Qh6 37. Qe7 Rd4 38. Rxd4 Kxd4 39. Qd6+ Kc4 40. c6 Qh8 41. Qd7 Qa8 42. Qxe6+ Kc5 43.
Qxg6 Kb6 44. h5 Qd8 45. h6 Qd5+ 46. Kh2 Qf3 47. Qc2 Qh5+ 48. Kg2 Qd5+ 49. f3 Kc7 50. h7 Qh5 51. g4 Qh6 52. Qf5 Qd2+ 53. Kg3 Qe1+ 54.
Kf4 Qd2+ 55. Ke5 Qd6+ 56. Ke4 Qb4+ 57. Ke3 Qe1+ 58. Kf4 Qd2+ 59. Kg3 Qe1+ 60. Kg2 Qe2+ 61. Kh3 Qf1+ 62. Kh4 Qe1+ 63. Kg5 Qe7+ 64. Kg6 Qd8 65.
Qf7+ Kb6 66. Qf6 Qe8+ 67. Kg7 Qe3 68. c7+ Kb7 69. c8=Q+ Ka7 70. Qf7+ Kb6 71. Qcb7+ Ka5 72. Qfd5+ Ka4 73. Qbb3+ Qxb3 74. Qxb3+ Kxb3 75. f4 Kc4 76.
f5 Kd5 77. f6 Ke6 78. f7 Ke5 79. g5 Kf4 80. g6 Kg4 81. f8=Q Kg5 82. Kg8 Kh5 83.
h8=Q+ Kg5 84. g7 Kg6 85. Qf7+ Kg5 86. Kf8 Kg4 87. Ke7 Kg5 88. Kd6 Kg4 89. Kc5 Kg5 90. Kb4 1-0

[Event "*** Titled Tuesday Blitz"]
[Site "Chess.com"]
[Date "2021.03.16"]
[Round "5"]
[White "Jumbo"]
[Black "Evandro_Barbosa"]
[Result "1-0"]
[WhiteElo "2825"]
[BlackElo "2655"]
[TimeControl "180+1"]
[EndTime "10:56:42 PDT"]
[Termination "Jumbo won by resignation"]

1. d4 Nf6 2. c4 e6 3. Nf3 c5 4. Nc3 cxd4 5. Nxd4 Nc6 6. a3 Bc5 7. Nb3 Be7 8. e4 d6 9. Bf4 O-O 10. Be2 b6 11. O-O Bb7 12. Rc1 a6 13. Bg3 Ne5 14.
Nd2 Qc7 15. Kh1 Ned7 16. b4 Rfe8 17. h3 Rac8 18. f4 Qb8 19. Bd3 Qa8 20. Qe2 g6 21. Bh2 Nh5 22. Nf3 Bf8 23. e5 Bh6 24. exd6 Nxf4 25.
Bxf4 Bxf4 26. Rcd1 Bh6 27. Be4 f5 28. Bxb7 Qxb7 29.
Nd4 e5 30. Nxf5 gxf5 31. Nd5 Kh8 32. Rxf5 Rf8 33. Rh5 Bg7 34. Qe4 h6 35. Qg6 Nf6 36. Nxf6 Rxf6 37. Qg4 Rcf8 38. d7 Qc7 39. Qe2 e4 40.
Rhd5 Rd8 41. Qxe4 Qg3 42. Qg4 Qf2 43. c5 bxc5 44. bxc5 Kh7 45. Qe4+ Rg6 46. Rd6 Bf6 47. c6 Kg7 48. R6d2 Qg3 49. c7 Qxc7 50. Re2 Rf8 51.
Rc2 Qd8 52. Rcd2 Qe7 53. Qxe7+ Bxe7 54. d8=Q Rxd8 55. Rxd8 Bxd8 56. Rxd8 Rg3 57. Rd7+ Kg8 58. a4 Ra3 59. Rd6 Rxa4 60. Rxh6 Kg7 61. Rb6 Ra1+ 62. Kh2 a5 63. g4 a4 64. Kg3 a3 65. Ra6 Kh7 66.
Kh4 Kg7 67. Ra4 a2 68. Ra3 Kf6 69. g5+ Kg6 70. Ra6+ Kf5 71. Ra5+ Kg6 72. Ra6+ Kf5 73. Rf6+ Ke5 74. Rf2 Ke6 75. Kh5 Rh1 76. Rxa2 Rxh3+ 77. Kg6 Rb3 78. Re2+ Kd7 79. Kf7 Rb5 80. g6 Rf5+ 81. Kg8 Rg5 82. g7 Re5 83. Rxe5 1-0

[Event "*** Titled Tuesday Blitz"]
[Site "Chess.com"]
[Date "2021.03.16"]
[Round "5"]
[White "Gabrielian_Artur"]
[Black "Niktlt"]
[Result "0-1"]
[WhiteElo "2769"]
[BlackElo "2499"]
[TimeControl "180+1"]
[EndTime "10:56:55 PDT"]
[Termination "Niktlt won by checkmate"]

1. e4 e6 2. d3 d5 3. Qe2 c5 4. Nf3 Nc6 5. g3 Nf6 6. Bg2 g6 7. O-O Bg7 8. Re1 O-O 9. e5 Nd7 10. Bf4 a5 11. c4 Nb6 12. Nc3 a4 13. a3 Bd7 14. h4 h6 15. Rad1 Nd4 16. Nxd4 cxd4 17.
Nb1 Bc6 18. c5 Nd7 19. Rc1 Qa5 20. Qc2 Rac8 21. Nd2 Bb5 22. b4 axb3 23. Nxb3 Qa6 24. Bf1 Ba4 25. Qa2 Bxb3 26. Qxb3 Rxc5 27. Qb4 Rfc8 28.
Rxc5 Nxc5 29. Qxd4 Qxa3 30. Qe3 Kh7 31. Qf3 Nd7 32. h5 Qe7 33. hxg6+ fxg6 34. d4 Rf8 35. Bd3 Rf7 36. Qg4 Nf8 37. Rc1 Qd8 38. Be3 Rc7 39. Rb1 Qe7 40. Kg2 Rc3 41. Qe2 Kg8 42. Ra1 Rc8 43.
Qd2 g5 44. Bc2 Qc7 45. Rc1 Qd7 46. Qd3 Rc7 47. Rb1 Qf7 48. g4 Qd7 49. Rb2 Qc6 50.
Bd1 Qd7 51. Be2 Qf7 52. Qd1 Ng6 53. Bd3 Nf4+ 54. Bxf4 Qxf4 55. Qf3 Rf7 56. Qxf4 Rxf4 57. Rxb7 Rxg4+ 58. Kf1 Rxd4 59. Bg6 Rf4 60. Re7 Bxe5 61. Rxe6 Bf6 62. Bd3 Bd4 63. Re2 Kg7 64. Rc2 Rf7 65. Kg2 h5 66. f3 Bf6 67. Rc6 d4 68. Re6 Rc7 69. Rd6 Kf7 70. Be4 Ke7 71. Ra6 Rd7 72.
Bd3 Rb7 73. Be4 Rb2+ 74. Kf1 Be5 75. Bd5 Bf4 76. Re6+ Kd7 77. Rh6 d3 78. Bc4 Rb1+ 79.
Kf2 d2 80. Be2 d1=Q 81. Bxd1 Rxd1 82. Rxh5 Rd2+ 83. Kf1 Ke6 84. Rh7 Kf5 85. Rf7+ Ke5 86. Re7+ Kd4 87. Re4+ Kd3 88. Re8 Be3 89. Rd8+ Bd4 90.
Re8 Rf2+ 91. Ke1 Rxf3 92. Rg8 Bc3+ 93. Kd1 Rf1# 0-1

[Event "*** Titled Tuesday Blitz"]
[Site "Chess.com"]
[Date "2021.03.16"]
[Round "5"]
[White "NishaOnYoutube"]
[Black "Aslanov_Umid"]
[Result "0-1"]
[WhiteElo "2177"]
[BlackElo "2395"]
[TimeControl "180+1"]
[EndTime "10:56:55 PDT"]
[Termination "Aslanov_Umid won on time"]

1. e4 c5 2. d4 cxd4 3. c3 d3 4. Bxd3 d6 5. c4 Nc6 6. h3 g6 7.
Nf3 Bg7 8. O-O Nf6 9. Nc3 O-O 10.
Be3 b6 11. Rc1 Ba6 12. b3 Rc8 13. Qd2 Nd7 14. Rfd1 Re8 15. Bf1 Nde5 16. Nxe5 Nxe5 17. f4 Nd7 18. Be2 Nc5 19. Bf3 Bb7 20. Nd5 Bxd5 21. exd5 Nd7 22. Bg4 Qc7 23. Bxd7 Qxd7 24. Bd4 Bxd4+ 25.
Qxd4 e5 26. dxe6 Rxe6 27. f5 gxf5 28. Rf1 Rg6 29. Rc3 Re8 30. Re3 Rxe3 31. Qxe3 Qe6 32. Qf3 Qe4 33. Rf2 Kf8 34. Kh1 Qxf3 35. Rxf3 Rf6 36.
Rf4 Ke7 37. Rh4 h6 38. Rf4 Ke6 39. g3 Ke5 40. Kg2 d5 41. cxd5 Kxd5 42. Ra4 a5 43. Kf3 Rc6 44. Rf4 Ke5 45. Rh4 b5 46. Rh5 Rc3+ 47.
Kf2 Rc2+ 48. Kf3 Rxa2 49. g4 b4 50. Rxf5+ Ke6 51. Rb5 Ra3 52. Ke4 Rxb3 53. Rxa5 Rxh3 54. Rb5 b3 55. Rb6+ Ke7 56. Kf4 Kf8 57. Kf5 Kg7 58. Ke5 Rc3 59. Kf5 Rc5+ 60. Kf4 Rc4+ 61. Kf5 Rc3 62. Kf4 f6 63. Kf5 Rc5+ 64. Kf4 Rc3 65. Kf5 Rf3+ 66. Ke4 Rg3 67. Kf5 Rd3 68. Ke4 Rd7 69.
Rxb3 Kg6 70. Kf4 Rd4+ 71. Kg3 Rd5 72. Rb8 Rd7 73. Rb5 Rg7 74. Kf4 Rd7 75. Ra5 Rd4+ 76. Kg3 Rd6 77. Kf4 Rd3 78. Rb5 Rd4+ 0-1